 Dungeon Crawl Stone Soup version 0.30-a0-242-g7bf8e6d787 (webtiles) character file.

Game seed: 12339972014846797222

7 ragingrage the Sneak (level 2, -6/24 HPs)
             Began as a Formicid Delver on Oct 11, 2022.
             Mangled by Menkaure (17 damage)
             ... on level 5 of the Dungeon.
             The game lasted 00:00:46 (140 turns).

ragingrage the Sneak (Formicid Delver)               Turns: 140, Time: 00:00:46

Health: -6/24      AC:  3    Str: 13 (16) XL:     2   Next: 10%
Magic:  2/2        EV: 11    Int:  6 (9)  God:
Gold:   31         SH:  0    Dex: 12 (15) Spells: 1/1 levels left

rFire   . . .      SeeInvis +    a - +0 hand axe
rCold   . . .      Faith    .    (no shield)
rNeg    . . .      Spirit   .    b - +0 leather armour
rPois   .          Reflect  .    (helmet unavailable)
rElec   .          Harm     .    (no cloak)
rCorr   .          Rampage  .    (no gloves)
Will    .....                    (no boots)
Stlth   +++.......               (no amulet)
HPRegen 0.24/turn                (no ring)
MPRegen 0.08/turn                (no ring)

@: no status effects
A: permanent stasis, dig shafts and tunnels, antennae 3, four strong arms
a: Dig, Shaft Self


You were on level 5 of the Dungeon.
You visited 1 branch of the dungeon, and saw 2 of its levels.

You collected 31 gold pieces.

Inventory:

Hand Weapons
 a - a +0 hand axe (weapon)
Armour
 b - a +0 leather armour (worn)
Wands
 f - a wand of digging (3)
Scrolls
 c - a scroll of fog
 e - a scroll of fear


   Skills:
 - Level 3.4 Fighting
 + Level 2.1 Axes
 - Level 2.0 Dodging
 - Level 6.1 Stealth


You had one spell level left.
You didn't know any spells.
Your spell library was empty.

Dungeon Overview and Level Annotations

Branches:
Dungeon (6/15)
 Temple: D:4-7

Altars:

Annotations:
D:5 exclusion: door, Menkaure


Innate Abilities, Weirdness & Mutations

You cannot be hasted, slowed, berserked, paralysed or teleported.
You can dig through walls and to a lower floor.
You have a pair of large antennae on your head. (SInv)
Your four strong arms can wield two-handed weapons with a shield.


Message History

Found 3 gold pieces.
Found 10 gold pieces.
There is an open door here.
Found 6 gold pieces.
You close the door.
You now have 10 gold pieces.
You now have 13 gold pieces (gained 3).
You open the door.
Found 12 gold pieces.
You now have 19 gold pieces (gained 6).
You now have 31 gold pieces (gained 12).
As you open the door, it creaks loudly!
You close the door.
There is an open door here.
Menkaure, Prince of Dust comes into view.
Menkaure shouts!
There is an open door here.
You close the door.
It was a potion of degeneration.
There was something very wrong with that liquid.
You feel weakened.
You feel dopey.
You feel clumsy.
Menkaure opens the door.
You close the door.
Menkaure breaks down the door.
As you read the scroll of magic mapping, it crumbles to dust.
You feel aware of your surroundings.
You barely miss Menkaure. Menkaure barely misses you.
You barely miss Menkaure.
Menkaure sighs in an indecipherable tongue.
Menkaure closely misses you.
You barely miss Menkaure. Menkaure hits you!
You barely miss Menkaure. Menkaure hits you!
You hit Menkaure but do no damage. Menkaure misses you.
You hit Menkaure but do no damage.
Menkaure gestures at you while chanting.
You barely resist. You hit Menkaure.
Menkaure is lightly damaged.
Menkaure hits you!
Ouch! That really hurt!
You die...

**,,,,,,,.{* #........
*,,,,,,*#{* #........
*,,,,,,*#.### ##....$..{
*,,,,,,*#...# #.........
*,,,,,,*###.# #...!.....
*,,,,,,* #.# #.....##.#
*,,,,,,* #.# #.........
******** ##M#### **#'#...#*
#@....# #...#**
######.....#####s.##
#..........+..>...#
######..........###'#.##***
#...............#.........#
#...............#.........#
#...............#.........#*
#.........#.....#...........
#.........#######...........


You could see Menkaure.

Vanquished Creatures
  A shadow imp (D:5)
1 creature vanquished.

Notes
Turn   | Place    | Note
-------+----------+-------------------------------------------
     0 | D:5      | ragingrage the Formicid Delver began the quest for the Orb.
     0 | D:5      | Reached XP level 1. HP: 18/18 MP: 1/1
    53 | D:5      | Noticed a scorpion
    57 | D:5      | Noticed a hound
    73 | D:5      | Reached XP level 2. HP: 21/24 MP: 2/2
   119 | D:5      | Noticed Menkaure
   140 | D:5      | Mangled by Menkaure

Illustrated notes

Levels and vault maps discovered:
D:5:      layout_basic, uniq_menkaure
D:6:      layout_loops_ring, mainiacjoe_overflow_24_doors,
          nicolae_overflow_hallway_of_the_gods, minmay_temple_entry_tees

Skill      XL: |  1 |
---------------+----+-----
Dodging        | 2 |  2.0
Fighting       | |  3.4
Axes           | |  2.1
Stealth        | |  6.1

Action                   || total
-------------------------++-------
Melee: Hand axe          ||    13
  Use: Scroll            ||     1
       Potion            ||     1
Armor: Leather armour    ||     1
Dodge: Dodged            ||     6

Table legend: (Time is in decaauts)
 A = Elapsed time spent in this place.
 B = Non-inter-level travel time spent in this place.
 C = Inter-level travel time spent in this place.
 D = Time resting spent in this place.
 E = Time spent auto-exploring this place.
 F = Levels seen in this place.
 G = Mean time per level.
                   A        B        C        D        E       F      G
               +--------+--------+--------+--------+--------+-----+--------+
         Total |    142 |    130 |     12 |      5 |     40 |   2 |   71.0 |
       Dungeon |    142 |    130 |     12 |      5 |     40 |   2 |   71.0 |
               +--------+--------+--------+--------+--------+-----+--------+

Top non-repeatable levels by time:
     D:5: 102 daAuts
     D:6: 39 daAuts
